cohdb
Replays
Latest Replays
All Replays
Popular Replays
Top Player Replays
Match Explorer
How It Works
Community
CoH3 Stats
Reddit
Sign in to upload your games and track your stats! →
Sign in with Steam
Match 45994205
Unlisted
Match 45994205
Overview
Messages
Build Orders
End
Construct Barracks
Riflemen Squad
Riflemen Squad
Riflemen Squad
M1 Mortar Team
Mechanized Support Center
M1 Mortar Team
Construct Medical Station
Construct Tank Depot
Selects Armored Battlegroup
Selects Veteran Crews
Selects Field Repairs
Selects War Machine
M4A1 Sherman Medium Tank
Engineer Squad
Selects Strength in Steel
M4A1 Sherman Medium Tank
Engineer Squad
M4A1 76mm Conversion
Field Repairs
Improvised Armor
Selects Seek and Destroy
Engineer Squad
Engineer Squad
Selects UNKNOWN (2160077)
Field Repairs
Riflemen Squad
Riflemen Squad
M4A1(76) Sherman Medium Tank
Seek and Destroy
Designate Forward Repair Station
M4A1(76) Sherman Medium Tank
Field Repairs
Seek and Destroy
MrStealYourHitler
j-dude117
Soldier6432
Herr Blautier
TBoR
EPHX_Valkyrion
0
0
Comments
sign in to comment!
No comments posted yet!